 Dungeon Crawl Stone Soup version 0.28-a0-397-g1a7b1a870f (webtiles) character file.

Game seed: 3120984264392551724

61 Chromatus the Skirmisher (level 3, 30/30 HPs)
             Began as a Demonspawn Monk on Feb 24, 2021.
             Quit the game on level 2 of the Dungeon on Sept 4, 2021.
             The game lasted 00:07:54 (2594 turns).

Chromatus the Skirmisher (Demonspawn Monk)          Turns: 2594, Time: 00:07:55

Health: 30/30      AC:  8    Str: 12    XL:     3   Next: 83%
Magic:  3/3        EV: 11    Int: 11    God:
Gold:   55         SH:  0    Dex: 15    Spells: 2/2 levels left

rFire   + . .      SeeInvis .   a - +0 hand axe
rCold   x . .      Faith    .   (no shield)
rNeg    . . .      Spirit   .   j - +0 ring mail
rPois   .          Reflect  .   (no helmet)
rElec   .          Harm     .   (no cloak)
rCorr   .          Rampage  .   (no gloves)
Will    .....                   (no boots)
Stlth   +.........              (no amulet)
HPRegen 0.10/turn               b - ring of fire
MPRegen 0.08/turn               (no ring)

@: no status effects
A: thin metallic scales 2
a: no special abilities


You were on level 2 of the Dungeon.
You visited 1 branch of the dungeon, and saw 2 of its levels.

You collected 55 gold pieces.

Inventory:

Hand Weapons
 a - a +0 hand axe (weapon)
Missiles
 h - 21 poisoned darts (quivered)
Armour
 f - a +0 plate armour
   (You found it on level 1 of the Dungeon)
 j - a +0 ring mail (worn)
   (You found it on level 2 of the Dungeon)
Jewellery
 b - a ring of fire (left hand)
   (You found it on level 2 of the Dungeon)
Scrolls
 d - a scroll of teleportation {unknown}
 e - a scroll of blinking {unknown}
 g - a scroll of magic mapping {unknown}
 i - a scroll of enchant armour {unknown}
 k - a scroll of fear {unknown}
Potions
 c - a potion of mutation {unknown}
 l - a potion of curing {unknown}


   Skills:
 + Level 4.0 Fighting
 - Level 2.6 Axes
 + Level 2.1 Armour
 - Level 2.6 Dodging
 - Level 1.7 Stealth


You had 2 spell levels left.
You didn't know any spells.
Your spell library was empty.

Dungeon Overview and Level Annotations

Branches:
Dungeon (2/15)

Altars:
Okawaru


Innate Abilities, Weirdness & Mutations

You are mostly covered in thin metallic scales. (AC +3)


Message History

You completely miss the adder. The adder bites you but does no damage.
The adder barely misses you.
You closely miss the adder. The adder bites you but does no damage.
The adder bites you.
You are poisoned.
The adder poisons you!
You slash the adder!
You kill the adder!
You feel sick.
Your Fighting skill increases to level 4!
You start resting.
You feel sick. x6
You are no longer poisoned.
You start resting.
Found a stone staircase leading down.
Found a mace and a spear.
Found an iron altar of Okawaru.
Found a short sword, a mace, a hand axe and a falchion.
A goblin comes into view. It is wielding a +0 dagger.
The goblin shouts!
You barely miss the goblin. The goblin barely misses you.
You closely miss the goblin. The goblin hits you with a +0 dagger.
You closely miss the goblin. The goblin hits you with a +0 dagger.
You hit the goblin but do no damage. The goblin hits you but does no damage.
You hit the goblin.
You kill the goblin!
Things that are here:
a +0 dagger; a goblin corpse Done exploring.
Saving game... please wait.
Options error: Bad channel -- pray (~/.crawlrc:4446) Options error: Bad channel -- food (~/.crawlrc:4449) Options error: Bad channel -- rotten_meat (~/.crawlrc:4466) Welcome back, Chromatus the Demonspawn Monk.
Unknown command.
Unknown command.
Unknown command.
Unknown command.
Save game and exit?
Options error: Bad channel -- pray (~/.crawlrc:4446) Options error: Bad channel -- food (~/.crawlrc:4449) Options error: Bad channel -- rotten_meat (~/.crawlrc:4466) Welcome back, Chromatus the Demonspawn Monk.
Describe a (M)onster, (S)pell, s(K)ill, (A)bility, (C)ard, (I)tem, (F)eature, (G)od, (B)ranch, c(L)oud or s(T)atus?
Okay, then.
Your library has no spells.
You are not religious.
You are not religious.
You are not religious.
You are not religious.
Okay, then.

###### ###....# #......#
#.#@#..# #
#.#.#..#############
#>..................
#.#.#.####.#.#######
###.#.#.# #.#.# #.#.....#
#.#.# # #.#.#.###
#.#.####### #.......#
#.#.......#
#######.#...#.####..........


There were no monsters in sight!

Vanquished Creatures
  2 adders (D:2)
  An endoplasm (D:1)
  A worm (D:2)
  A dart slug (D:1)
  2 removed leopard geckos
  2 bats
  2 giant cockroaches (D:2)
  5 hobgoblins
  2 kobolds (D:1)
  A frilled lizard (D:1)
  7 goblins
  4 rats
30 creatures vanquished.

Notes
Turn   | Place    | Note
-------+----------+-------------------------------------------
     0 | D:1      | Chromatus the Demonspawn Monk began the quest for the Orb.
     0 | D:1      | Reached XP level 1. HP: 18/18 MP: 1/1
   238 | D:1      | Reached skill level 1 in Armour
   238 | D:1      | Gained mutation: You are partially covered in thin metallic
                  | scales. (AC +2) [demonic ancestry]
   238 | D:1      | Reached XP level 2. HP: 8/24 MP: 2/2
  1341 | D:2      | Gained mutation: You are mostly covered in thin metallic
                  | scales. (AC +3) [demonic ancestry]
  1341 | D:2      | Reached XP level 3. HP: 29/29 MP: 3/3
  2356 | D:2      | Reached skill level 4 in Fighting
  2436 | D:2      | Found an iron altar of Okawaru.
  2594 | D:2      | Upgraded the game from 0.27-a0-412-g8dd771eca2 to
                  | 0.28-a0-397-g1a7b1a870f
  2594 | D:2      | Quit the game

Illustrated notes

Levels and vault maps discovered:
D:1:      minmay_arrival_jagged, layout_loops_cross
D:2:      layout_basic, okawaru_ov_weapons_minmay

Skill      XL: |  1  2  3 |
---------------+----------+-----
Armour         | 1 2 |  2.1
Fighting       | 4 |  4.0
Axes           | |  2.6
Dodging        | |  2.6
Stealth        | |  1.7

Action                   || total
-------------------------++-------
Melee: Hand axe          ||   126
 Stab: Sleeping          ||     5
Armor: Robe              ||    14
       Ring mail         ||    22
Dodge: Dodged            ||    63

Table legend: (Time is in decaauts)
 A = Elapsed time spent in this place.
 B = Non-inter-level travel time spent in this place.
 C = Inter-level travel time spent in this place.
 D = Time resting spent in this place.
 E = Time spent auto-exploring this place.
 F = Levels seen in this place.
 G = Mean time per level.
                   A        B        C        D        E       F      G
               +--------+--------+--------+--------+--------+-----+--------+
         Total |   2617 |   2471 |    146 |    904 |   1061 |   2 | 1308.5 |
       Dungeon |   2617 |   2471 |    146 |    904 |   1061 |   2 | 1308.5 |
               +--------+--------+--------+--------+--------+-----+--------+

Top non-repeatable levels by time:
     D:1: 1561 daAuts
     D:2: 1055 daAuts
